 Dungeon Crawl Stone Soup version 0.27-a0-1431-gcffa5a9b16 (webtiles) character file.

Game seed: 10836887686950777988

1371 mandarbmax the Spear-Bearer (level 8, -5/87 HPs)
             Began as a Merfolk Berserker on July 3, 2021.
             Was a Priest of Trog.
             Killed from afar by a steam dragon (20 damage)
             ... with a ball of steam
             ... on level 6 of the Dungeon.
             The game lasted 00:07:28 (6637 turns).

mandarbmax the Spear-Bearer (Merfolk Berserker)     Turns: 6637, Time: 00:07:29

Health: -5/87      AC: 12    Str: 24    XL:     8   Next: 65%
Magic:  8/8        EV: 15    Int:  6    God:    Trog [***...]
Gold:   439        SH:  0    Dex: 15    Spells: 7/7 levels left

rFire    . . .     SeeInvis +   z - +2 scythe (protect)
rCold    . . .     Faith    .   (shield currently unavailable)
rNeg     . . .     Spirit   .   o - +0 ring mail
rPois    .         Reflect  .   (no helmet)
rElec    .         Harm     .   (no cloak)
rCorr    .         Rampage  .   (no gloves)
Will     ++...                  (no boots)
Stlth    ..........             (no amulet)
HPRegen  1.24/turn              n - ring of see invisible
MPRegen  0.11/turn              w - +6 ring of strength

@: berserking, strong-willed, under a protective aura, regenerating, very quick
A: (nimble swimmer 2), mertail
a: Renounce Religion, Berserk, Trog's Hand


You were on level 6 of the Dungeon.
You worshipped Trog.
Trog was most pleased with you.
You visited 1 branch of the dungeon, and saw 6 of its levels.

You collected 439 gold pieces.

Inventory:

Hand Weapons
 a - a +0 spear
 t - a +0 halberd
 z - a +2 scythe of protection (weapon)
Armour
 d - a +0 scale mail
 o - a +0 ring mail (worn)
 p - a +0 chain mail
Jewellery
 n - a ring of see invisible (left hand)
 w - a +6 ring of strength (right hand)
Wands
 q - a wand of flame (25)
 u - a wand of digging (5)
Scrolls
 b - 2 scrolls of teleportation {unknown}
 c - 3 scrolls of magic mapping {unknown}
 e - 11 scrolls of identify {unknown}
 f - 2 scrolls of enchant weapon {unknown}
 g - 2 scrolls of fear {unknown}
 h - a scroll of vulnerability {unknown}
 k - a scroll of summoning {unknown}
 m - 2 scrolls of silence {unknown}
 v - a scroll of immolation {unknown}
 y - a scroll of fog {unknown}
Potions
 i - 4 potions of curing
 j - 2 potions of might {unknown}
 l - a potion of lignification {unknown}
 r - a potion of attraction {unknown}
 s - a potion of berserk rage {unknown}
 x - a potion of ambrosia {unknown}
 A - a potion of heal wounds {unknown}


   Skills:
 - Level 3.2 Fighting
 * Level 12.4 Polearms
 - Level 1.3 Armour
 + Level 8.2 Dodging


You had 7 spell levels left.
You didn't know any spells.
Your spell library contained the following spells:

 Spells                   Type           Power      Damage    Failure   Level
 Animate Skeleton         Necr           0%         N/A       61%         1
 Pain                     Necr           0%         1d4       61%         1
 Shock                    Conj/Air       0%         1d3       61%         1
 Sting                    Tmut/Pois      0%         1d3       61%         1
 Ensorcelled Hibernation  Hex/Ice        0%         N/A       75%         2
 Poisonous Vapours        Pois/Air       0%         N/A       75%         2
 Gell's Gravitas          Tloc           0%         N/A       93%         3
 Lesser Beckoning         Tloc           0%         N/A       93%         3
 Spider Form              Tmut/Pois      0%         N/A       93%         3
 Swiftness                Air            0%         N/A       93%         3
 Teleport Other           Tloc           0%         N/A       93%         3
 Vampiric Draining        Necr           0%         2d6       93%         3
 Airstrike                Air            0%         N/A       100%        4
 Olgreb's Toxic Radiance  Pois           0%         N/A       100%        4
 Shadow Creatures         Summ           N/A        N/A       100%        6


Dungeon Overview and Level Annotations

Branches:
Dungeon (6/15)
 Temple: D:4-7

Altars:
Dithmenos
Elyvilon
Fedhas
Gozag
Makhleb
Qazlal
Wu Jian


Innate Abilities, Weirdness & Mutations

((You are quick and stealthy near water. (Stealth+, EV+, Speed+++)))
Your lower body shifts to a powerful aquatic tail in water.


Message History

You are engulfed in a cloud of scalding steam.
The steam dragon misses you. The steam dragon claws you.
* * * LOW HITPOINT WARNING * * *
You are too injured to fight recklessly!
You are too injured to fight recklessly!
You are too injured to fight recklessly!
You are too injured to fight recklessly!
You are too injured to fight recklessly!
You are too injured to fight recklessly!
You are too injured to fight recklessly!
Reach: z) +2 scythe (protect)
Press: ? - help, Dir - move target, f/p - steam dragon
Aim: a steam dragon (steam, moderately wounded, catching its breath, about 38% to evade your +2 scythe of protection)
You closely miss the steam dragon.
The steam dragon is moderately wounded.
The steam dragon bites you but does no damage.
The steam dragon completely misses you.
You barely miss the steam dragon.
The steam dragon is moderately wounded.
The steam dragon bites you.
* * * LOW HITPOINT WARNING * * *
The steam dragon closely misses you. The steam dragon misses you.
The steam dragon closely misses you.
Unknown command.
Your skin crawls.
You feel strong-willed. The steam dragon barely misses you.
The steam dragon claws you.
* * * LOW HITPOINT WARNING * * *
Unknown command.
A red film seems to cover your vision as you go berserk!
You feel yourself moving faster!
You feel mighty! The steam dragon barely misses you.
The steam dragon claws you but does no damage.
Unknown command.
You slash the steam dragon!
Your weapon exudes an aura of protection.
The steam dragon is severely wounded.
The steam dragon breathes steam at you. The ball of steam hits you!!
You die...

### ### #.. ..# #.#
#.# #.# #.#
#######.######.#######
#........>............
#.#####.#.............
###.######.#######
#@...............#
#D#######......#.. #.#
#......#.. #.#
#......... #.#
#......... #.#
........... #.#
#........... #.#
####+#####.. #.#
######.#####..


You could see a steam dragon (catching breath).

Vanquished Creatures
  Sigmund (D:6)
  A necrophage (D:5)
  A sky beast (D:5)
  A centaur (D:4)
  3 phantoms
  A water moccasin zombie (D:6)
  A centaur skeleton (D:5)
  3 centaur zombies
  A hound (D:4)
  5 jellies
  A gnoll shaman (D:5)
  An iguana (D:5)
  2 orc wizards (D:5)
  4 adders
  14 gnolls
  A white imp (D:6)
  3 ufetubi
  An adder skeleton (D:5)
  A dart slug (D:4)
  13 orcs
  4 ball pythons
  4 bats
  8 endoplasms
  2 giant cockroaches
  3 hobgoblins
  4 jackals (D:4)
  2 quokkas (D:1)
  2 frilled lizards
  4 goblins
  4 kobolds
  3 rats (D:2)
99 creatures vanquished.

Vanquished Creatures (others)
  7 fungi (D:6)
  A plant (D:1)
  3 toadstools (D:6)
11 creatures vanquished.

Grand Total: 110 creatures vanquished

Notes
Turn   | Place    | Note
-------+----------+-------------------------------------------
     0 | D:1      | mandarbmax the Merfolk Berserker began the quest for the
                  | Orb.
     0 | D:1      | Reached XP level 1. HP: 18/18 MP: 1/1
   290 | D:1      | Reached skill level 5 in Polearms
   290 | D:1      | Reached XP level 2. HP: 24/24 MP: 2/2
  1285 | D:2      | Reached XP level 3. HP: 20/29 MP: 3/3
  1291 | D:2      | Reached skill level 6 in Polearms
  1293 | D:2      | Reached XP level 4. HP: 31/35 MP: 4/4
  2323 | D:3      | Reached skill level 7 in Polearms
  2323 | D:3      | Reached XP level 5. HP: 41/41 MP: 5/5
  2324 | D:3      | Reached ** piety under Trog
  2388 | D:3      | Found a burning altar of Makhleb.
  3273 | D:4      | Reached skill level 8 in Polearms
  3273 | D:4      | Reached skill level 5 in Dodging
  3273 | D:4      | Reached XP level 6. HP: 28/47 MP: 6/6
  3582 | D:4      | Found a shadowy altar of Dithmenos.
  4277 | D:5      | Entered Level 5 of the Dungeon
  4290 | D:5      | Found a stormy altar of Qazlal.
  4553 | D:5      | Reached skill level 9 in Polearms
  4704 | D:5      | Reached XP level 7. HP: 40/52 MP: 7/7
  5060 | D:5      | Reached skill level 10 in Polearms
  5458 | D:5      | Reached skill level 11 in Polearms
  5458 | D:5      | Reached XP level 8. HP: 58/58 MP: 8/8
  5755 | D:5      | Found a white marble altar of Elyvilon.
  5937 | D:5      | Reached *** piety under Trog
  5982 | D:5      | Found an opulent altar of Gozag.
  5993 | D:5      | Found a blossoming altar of Fedhas.
  5997 | D:5      | Found an ornate altar of the Wu Jian Council.
  6464 | D:6      | Noticed Sigmund
  6470 | D:6      | Killed Sigmund
  6471 | D:6      | Reached skill level 12 in Polearms
  6637 | D:6      | Killed from afar by a steam dragon

Illustrated notes

Levels and vault maps discovered:
D:1:      matt_arrival_spirals, layout_basic, kennysheep_boxes
D:2:      layout_rooms
D:3:      layout_loops_ring, bloody_makhleb,
          wander_ebering_terrifying_dragon_lair
D:4:      layout_basic, lemuel_doored_altar
D:5:      minmay_recursive_quarters, layout_loops_corners, lemuel_crystal_altar,
          general_overflow_altar, minmay_overflow_temple_star_quad
D:6:      layout_basic, vehumet_altar_wand_db, minmay_gold_behind_fungi,
          uniq_maggie, uniq_sigmund

Skill      XL: |  1  2  3  4  5  6  7  8 |
---------------+-------------------------+-----
Dodging        | 3 4 5 7 8 |  8.2
Polearms       | 5 6 7 8 9 11 12 | 12.4
Fighting       | |  3.2
Armour         | |  1.3

Action                   |  1- 3 |  4- 6 |  7- 9 || total
-------------------------+-------+-------+-------++-------
Melee: Spear             |    77 |   189 |       ||   266
       Halberd           |       |       |   129 ||   129
       Scythe            |       |       |    27 ||    27
Throw: Throwing net      |       |     1 |       ||     1
Invok: Berserk           |     1 |    10 |     7 ||    18
       Trog's Hand       |       |       |     1 ||     1
Armor: Scale mail        |    15 |     8 |       ||    23
       Animal skin       |     2 |       |       ||     2
       Ring mail         |       |    30 |    32 ||    62
Dodge: Dodged            |    30 |    86 |    98 ||   214

Table legend: (Time is in decaauts)
 A = Elapsed time spent in this place.
 B = Non-inter-level travel time spent in this place.
 C = Inter-level travel time spent in this place.
 D = Time resting spent in this place.
 E = Time spent auto-exploring this place.
 F = Levels seen in this place.
 G = Mean time per level.
                   A        B        C        D        E       F      G
               +--------+--------+--------+--------+--------+-----+--------+
         Total |   6749 |   6549 |    200 |   1895 |   3972 |   6 | 1124.8 |
       Dungeon |   6749 |   6549 |    200 |   1895 |   3972 |   6 | 1124.8 |
               +--------+--------+--------+--------+--------+-----+--------+

Top non-repeatable levels by time:
     D:5: 2013 daAuts
     D:4: 1564 daAuts
     D:1: 1110 daAuts
     D:3: 949 daAuts
     D:2: 685 daAuts
     D:6: 426 daAuts
